 Dungeon Crawl Stone Soup version 0.19.0-23-gf02e663 (webtiles) character file.

44 tboon the Shield-Bearer (level 3, -7/30 HPs)
             Began as a Formicid Fighter on Nov 20, 2016.
             Killed from afar by Sigmund (8 damage)
             ... with a puff of flame
             ... on level 2 of the Dungeon.
             The game lasted 00:01:59 (937 turns).

tboon the Shield-Bearer (Formicid Fighter)           Turns: 937, Time: 00:01:59

Health: -7/30      AC:  7    Str: 25    XL:     3   Next: 87%
Magic:  3/3        EV:  8    Int:  7    God:
Gold:   63         SH: 10    Dex: 11    Spells: 0 memorised, 2 levels left

rFire  . . .     SeeInvis +     a - +0 war axe
rCold  . . .     Gourm    .     b - +0 scale mail
rNeg   . . .     Faith    .     c - +0 shield
rPois  .         Spirit   .     (helmet unavailable)
rElec  .         Reflect  .     (no cloak)
rCorr  .         Harm     .     (no gloves)
MR     .....                    (no boots)
Stlth  ..........               (no amulet)
                                (no ring)
                                (no ring)

@: mighty
A: permanent stasis, dig shafts and tunnels, four strong arms, antennae 3
a: Dig, Shaft Self


You were on level 2 of the Dungeon.
You were not hungry.

You visited 1 branch of the dungeon, and saw 2 of its levels.

You collected 63 gold pieces.

Inventory:

Hand Weapons
 a - a +0 war axe (weapon)
Armour
 b - a +0 scale mail (worn)
 c - a +0 shield (worn)
Scrolls
 e - a scroll of blinking {unknown}
 i - 4 scrolls of fear {unknown}
 j - a scroll of random uselessness {unknown}
 n - a scroll of identify {unknown}
Potions
 g - a potion of mutation {unknown}
 h - a potion of flight {unknown}
 l - a potion of resistance {unknown}
Comestibles
 f - 3 bread rations
 k - 3 chunks of flesh
 m - a slice of pizza


   Skills:
 + Level 4.0 Fighting
 + Level 2.2 Axes
 + Level 3.7 Armour
 + Level 4.2 Shields


You had 2 spell levels left.
You didn't know any spells.

Dungeon Overview and Level Annotations

Branches:
Dungeon (2/15)

Altars:

Annotations:
D:2 Sigmund


Innate Abilities, Weirdness & Mutations

You are under a permanent stasis effect.
You can dig through walls and to a lower floor.
Your four strong arms can wield two-handed weapons with a shield.
You have a pair of large antennae on your head. (SInv)


Message History

k - 7 chunks of flesh (gained 3)
A jackal comes into view.
A jackal is nearby!
A jackal comes into view.
The jackal barks! x2
A hobgoblin comes into view.
The hobgoblin shouts!
Found an escape hatch in the ceiling.
The jackal bites you but does no damage.
You closely miss the jackal. You hit the jackal but do no damage.
The jackal completely misses you. You block the jackal's attack.
The jackal closely misses you.
The jackal bites you but does no damage.
A frilled lizard comes into view.
You closely miss the jackal. You hit the jackal.
You block the jackal's attack. x2
The jackal bites you but does no damage.
The jackal closely misses you.
Your shield and scale mail prevent you from hitting the jackal.
The jackal is severely wounded.
You completely miss the jackal. You block the jackal's attack.
The jackal bites you but does no damage.
The jackal barely misses you.
The jackal bites you but does no damage.
You hit the jackal.
The jackal is almost dead.
You slash the jackal!
You kill the jackal!
You hit the hobgoblin.
You kill the hobgoblin!
The jackal barely misses you. You block the jackal's attack.
Your scale mail prevents you from hitting the jackal.
The jackal is almost dead.
The jackal bites you but does no damage. x2
Sigmund the Dreaded comes into view.
He is wielding a scythe.
You hit the jackal.
You kill the jackal!
You slash the frilled lizard!
You kill the frilled lizard!
Your Fighting skill increases to level 4!
Sigmund points at you and mumbles some strange words.
You are confused.
Found a stone staircase leading down.
You see here a jackal corpse.
You are too confused!
You are too confused!
You are too confused!
Things that are here:
a mace; a jackal corpse Sigmund gestures at you while chanting.
You are more confused.
Sigmund gestures at you while chanting. The puff of flame hits you!
Some of the chunks of flesh in your inventory have rotted away.
Sigmund casts a spell at you. The magic dart hits you!
Sigmund gestures at you while chanting. You resist with some effort.
You're too confused to move!
You feel very mighty all of a sudden. Sigmund hits you with a scythe.
You feel less confused. Sigmund barely misses you.
Sigmund hits you with a scythe.
You slash Sigmund!
Sigmund is moderately wounded.
Sigmund hits you with a scythe!
* * * LOW HITPOINT WARNING * * *
You hit Sigmund.
Sigmund is heavily wounded.
Sigmund hits you with a scythe.
* * * LOW HITPOINT WARNING * * *
You barely miss Sigmund.
Sigmund is heavily wounded.
You block Sigmund's attack.
You slash Sigmund!
Sigmund is almost dead.
Sigmund points at you and mumbles some strange words.
The puff of flame hits you!
* * * LOW HITPOINT WARNING * * *
You closely miss Sigmund.
Sigmund is almost dead.
You block Sigmund's attack.
You barely miss Sigmund.
Sigmund is almost dead.
Sigmund barely misses you.
Your shield and scale mail prevent you from hitting Sigmund.
Sigmund is almost dead.
Sigmund gestures wildly while chanting.
Sigmund flickers and vanishes for a moment.
You closely miss Sigmund.
Sigmund is almost dead.
Sigmund barely misses you.
You closely miss Sigmund.
Sigmund is almost dead.
Sigmund points at you and mumbles some strange words.
The magic dart hits you!
* * * LOW HITPOINT WARNING * * *
Sigmund points at you and mumbles some strange words.
The puff of flame hits you!
You die...

#...........# ....#
#...........######...#
###...†).....#...##...###
..............'...........
..<#..........#...####...#
.. #..........#...###.....
#...[......#...##......
.....##@........##......
...... #@................
...... #...........#.....
.........................
........................
....................)..
..##.............##.... .
#.............##....
..............#.....
..........#.....


You could see Sigmund (invisible).

Vanquished Creatures
  An adder (D:2)
  A worm (D:2)
  A dart slug (D:1)
  4 bats
  2 giant cockroaches (D:1)
  A hobgoblin (D:2)
  12 jackals
  4 frilled lizards
  A goblin (D:1)
  A kobold (D:1)
  A rat (D:1)
29 creatures vanquished.

Notes
Turn   | Place    | Note
-------+----------+-------------------------------------------
     0 | D:1      | tboon the Formicid Fighter began the quest for the Orb.
     0 | D:1      | Reached XP level 1. HP: 18/18 MP: 1/1
    49 | D:1      | Reached XP level 2. HP: 20/24 MP: 2/2
   284 | D:1      | Reached skill level 4 in Shields
   723 | D:2      | Reached XP level 3. HP: 28/29 MP: 3/3
   913 | D:2      | Noticed Sigmund
   913 | D:2      | Reached skill level 4 in Fighting
   932 | D:2      | HP: 3/30 [Sigmund/puff of flame (6)]
   937 | D:2      | HP: 1/30 [Sigmund/magic dart (2)]
   937 | D:2      | Killed from afar by Sigmund

Skill      XL: |  1  2  3 |
---------------+----------+-----
Shields        | 4 |  4.2
Fighting       | 4 |  4.0
Axes           | |  2.2
Armour         | |  3.7

Action                   || total
-------------------------++-------
Melee: War axe           ||   115
  Use: Potion            ||     1
Armor: Scale mail        ||    74
Dodge: Dodged            ||    57
Block: Shield            ||    81

Vault maps used:
D:1:      shiori_arrival_elements, hangedman_abyss_or_decor_lesser_grid
D:2:      uniq_natasha, uniq_sigmund, uniq_jessica

Table legend:
 A = Turns spent in this place as a percentage of turns spent in the entire game.
 B = Non-inter-level travel turns spent in this place as a percentage of non-inter-level travel turns spent in the entire game.
 C = Inter-level travel turns spent in this place as a percentage of turns spent in this place.
 D = Turns resting spent in this place as a percentage of non-inter-level travel turns spent in this place.
 E = Turns spent auto-exploring this place as a percentage of non-inter-level travel turns spent in this place.
 F = Non-inter-level travel turns spent in this place divided by the number of levels of this place that you've seen.
                   A       B       C       D       E      F
               +-------+-------+-------+-------+-------+----------------------
         Total | 100.0 | 100.0 |   0.4 |   3.9 |  11.0 | 127.5
       Dungeon | 100.0 | 100.0 |   0.4 |   3.9 |  11.0 | 127.5
               +-------+-------+-------+-------+-------+----------------------

Table legend:
 A = Kills in this place as a percentage of kills in entire the game.
 B = Kills by you in this place as a percentage of kills by you in the entire game.
 C = Kills by friends in this place as a percentage of kills by friends in the entire game.
 D = Other kills in this place as a percentage of other kills in the entire game.
 E = Experience gained in this place as a percentage of experience gained in the entire game.
 F = Experience gained in this place divided by the number of levels of this place that you have seen.
                   A       B       C       D       E      F
               +-------+-------+-------+-------+-------+----------------------
         Total | 100.0 | 100.0 |  -nan |  -nan | 100.0 |  32.0
       Dungeon | 100.0 | 100.0 |  -nan |  -nan | 100.0 |  32.0
               +-------+-------+-------+-------+-------+----------------------
